 Dungeon Crawl Stone Soup version 0.30-a0-170-g85af917532 (webtiles) character file.

Game seed: 11566054557466457795

46 scionoferis the Shooter (level 3, 0/22 HPs)
             Began as a Kobold Hunter on Sept 30, 2022.
             Slain by Crazy Yiuf
             ... wielding a +3 quarterstaff of chaos
              (10 damage)
             ... on level 2 of the Dungeon.
             The game lasted 00:01:59 (1369 turns).

scionoferis the Shooter (Kobold Hunter)             Turns: 1369, Time: 00:01:59

Health: 0/22       AC:  3    Str: 10    XL:     3   Next: 92%
Magic:  3/3        EV: 15    Int: 10    God:
Gold:   100        SH:  0    Dex: 18    Spells: 2/2 levels left

rFire   . . .      SeeInvis .    a - +0 shortbow
rCold   + . .      Faith    .    (shield currently unavailable)
rNeg    . . .      Spirit   .    c - +0 leather armour
rPois   .          Reflect  .    (no helmet)
rElec   .          Harm     .    (no cloak)
rCorr   .          Rampage  .    (no gloves)
Will    .....                    (no boots)
Stlth   +++.......               (no amulet)
HPRegen 0.07/turn                l - ring of protection from cold
MPRegen 0.08/turn                (no ring)

@: no status effects
A: small, no large weapons, nightstalker 3
a: no special abilities


You were on level 2 of the Dungeon.
You visited 1 branch of the dungeon, and saw 2 of its levels.

You collected 100 gold pieces.

Inventory:

Hand Weapons
 a - a +0 shortbow (weapon)
 b - a +2 short sword of draining
 g - a +1 dagger of venom
Armour
 c - a +0 leather armour (worn)
Jewellery
 l - a ring of protection from cold (left hand)
Scrolls
 d - 2 scrolls of identify {unknown}
 e - a scroll of immolation
 f - a scroll of noise {unknown}
 j - a scroll of poison {unknown}
 k - a scroll of silence {unknown}
Potions
 h - 2 potions of flight {unknown}
 i - a potion of degeneration {unknown}


   Skills:
 + Level 2.7 Fighting
 * Level 2.2 Short Blades
 + Level 5.5 Ranged Weapons
 + Level 2.9 Dodging
 + Level 2.3 Stealth


You had 2 spell levels left.
You didn't know any spells.
Your spell library contained the following spells:

 Spells                   Type           Power      Damage    Failure   Level
 Sting                    Tmut/Pois      0%         1d3       45%         1
 Poisonous Vapours        Pois/Air       0%         N/A       61%         2
 Olgreb's Toxic Radiance  Pois           0%         N/A       99%         4


Dungeon Overview and Level Annotations

Branches:
Dungeon (2/15)

Altars:

Annotations:
D:2 Crazy Yiuf


Innate Abilities, Weirdness & Mutations

You are small and have problems with some larger weapons.
You are completely attuned to the shadows.


Message History

You shoot an arrow. The arrow hits the endoplasm!
You kill the endoplasm!
No target in view!
HP restored.
A bat comes into view.
You shoot an arrow. The arrow hits the bat!
You kill the bat!
No target in view!
No target in view!
You see here a bat corpse.
A rat comes into view.
You see here a ring of protection from cold.
You shoot an arrow. The arrow hits the rat.
You kill the rat!
No target in view!
No target in view!
l - a ring of protection from cold
l - a ring of protection from cold (left hand)
You see here a rat corpse.
A ball python comes into view.
You shoot an arrow. The arrow hits the ball python!
You kill the ball python!
No target in view!
No target in view!
There is an escape hatch in the ceiling here.
Found a runed translucent door.
Found a hammer.
You open the door. You shoot an arrow. The arrow hits Crazy Yiuf.
Crazy Yiuf shouts!
Crazy Yiuf is lightly wounded.
You shoot an arrow. The arrow hits Crazy Yiuf.
Crazy Yiuf is lightly wounded.
Crazy Yiuf laughs, "Island seventy leg!"
You shoot an arrow. The arrow closely misses Crazy Yiuf.
You shoot an arrow. The arrow barely misses Crazy Yiuf.
Crazy Yiuf hits you with a +3 quarterstaff of chaos!
Ouch! That really hurt!
You are electrocuted!
You die...

.####.##
#..............#
## #.#
#######..#####.#
#.# #..# ##.# #.#
#### #..# #.####
#.## #....#
♣♣♣♣♣## #.# ######
## ♣♣♣.♣.P.####.#
...#♣..♣..P...##.#
...g@♣♣♣♣......#.#
)..#♣♣ ♣♣P.#....#
## ♣♣#####.# #.#
#.# #..


You could see Crazy Yiuf.

Vanquished Creatures
  3 endoplasms
  A giant cockroach (D:1)
  6 goblins (D:1)
  3 hobgoblins (D:1)
  4 kobolds (D:1)
  3 quokkas
  3 ball pythons
  10 bats
  A frilled lizard (D:1)
  7 rats
41 creatures vanquished.

Notes
Turn   | Place    | Note
-------+----------+-------------------------------------------
     0 | D:1      | scionoferis the Kobold Hunter began the quest for the Orb.
     0 | D:1      | Reached XP level 1. HP: 12/12 MP: 1/1
    58 | D:1      | Reached XP level 2. HP: 17/17 MP: 2/2
    81 | D:1      | Reached skill level 1 in Short Blades
   337 | D:1      | Reached XP level 3. HP: 22/22 MP: 3/3
  1361 | D:2      | Found a runed translucent door.
  1364 | D:2      | Noticed Crazy Yiuf
  1369 | D:2      | Slain by Crazy Yiuf

Illustrated notes

Levels and vault maps discovered:
D:1:      dpeg_arrival_subterranean_lakeside_camping, layout_basic,
          minmay_quantized
D:2:      layout_loops_ring, hellmonk_ecumenical_altar_blasted,
          eino_tiny_chamber, nicolae_shop_vocational, uniq_crazy_yiuf_cottage

Skill      XL: |  1  2  3 |
---------------+----------+-----
Short Blades   | 1 2 |  2.2
Stealth        | 2 |  2.3
Fighting       | |  2.7
Ranged Weapons | |  5.5
Dodging        | |  2.9

Action                   || total
-------------------------++-------
 Fire: Shortbow          ||   101
Armor: Leather armour    ||    18
Dodge: Dodged            ||    45

Table legend: (Time is in decaauts)
 A = Elapsed time spent in this place.
 B = Non-inter-level travel time spent in this place.
 C = Inter-level travel time spent in this place.
 D = Time resting spent in this place.
 E = Time spent auto-exploring this place.
 F = Levels seen in this place.
 G = Mean time per level.
                   A        B        C        D        E       F      G
               +--------+--------+--------+--------+--------+-----+--------+
         Total |   1395 |   1377 |     18 |     69 |   1116 |   2 |  697.5 |
       Dungeon |   1395 |   1377 |     18 |     69 |   1116 |   2 |  697.5 |
               +--------+--------+--------+--------+--------+-----+--------+

Top non-repeatable levels by time:
     D:1: 1083 daAuts
     D:2: 311 daAuts
